| TOP OF THE 1ST |
|
Boise Hawks batting - Pitching for Cincinnati (NYP) Reds : RHP Jesus Moreno
|
|
Pitching: RHP Jesus Moreno
|
|
|
Batting: SHB Clayton Saunders
|
0-0: Swinging Strike 0-1: Ball 1-1: Ball 2-1: Called Strike 2-2: Ball 3-2: Strikes out swinging
|
|
Batting: RHB Ryan Ward
|
0-0: Swinging Strike 0-1: Ball 1-1: Ball 2-1: Ground out 6-3 (Groundball, 6, EV 102.5 MPH)
|
|
Batting: LHB Jerry Santana
|
0-0: Ball 1-0: Foul Ball, location: 2F 1-1: Foul Ball, location: 2F 1-2: Ball 2-2: Strikes out swinging
|
| Top of the 1st over - 0 runs, 0 hits, 0 errors, 0 left on base; Boise 0 - Cincinnati (NYP) 0 |
| BOTTOM OF THE 1ST |
|
Cincinnati (NYP) Reds batting - Pitching for Boise Hawks : LHP Matt Belair
|
|
Pitching: LHP Matt Belair
|
|
|
Batting: RHB Toki Takeuchi
|
0-0: Ball 1-0: Ball 2-0: Fly out, F8 (Line Drive, 8LD, EV 86.9 MPH)
|
|
Batting: LHB Kelvin Jones
|
0-0: Ball 1-0: Called Strike 1-1: Foul Ball, location: 2F 1-2: Ground out 4-3 (Groundball, 4, EV 107.5 MPH)
|
|
Batting: RHB Nick Moreno
|
0-0: Ball 1-0: Foul Ball, location: 2F 1-1: Ball 2-1: Called Strike 2-2: Ground out 6-3 (Groundball, 6S, EV 81.2 MPH)
|
| Bottom of the 1st over - 0 runs, 0 hits, 0 errors, 0 left on base; Boise 0 - Cincinnati (NYP) 0 |
| TOP OF THE 2ND |
|
Boise Hawks batting - Pitching for Cincinnati (NYP) Reds : RHP Jesus Moreno
|
|
Batting: RHB Seisaburo Edagawa
|
0-0: Swinging Strike 0-1: Ground out 1-3 (Groundball, P, EV 70.0 MPH)
|
|
Batting: RHB Keith Giarratano
|
0-0: Ball 1-0: Ball 2-0: Called Strike 2-1: Foul Ball, location: 2F 2-2: Foul Ball, location: 2F 2-2: Strikes out swinging, 2-3 out at first.
|
|
Batting: RHB Justin Garrett
|
0-0: Swinging Strike 0-1: Ball 1-1: Swinging Strike 1-2: Strikes out swinging
|
| Top of the 2nd over - 0 runs, 0 hits, 0 errors, 0 left on base; Boise 0 - Cincinnati (NYP) 0 |
| BOTTOM OF THE 2ND |
|
Cincinnati (NYP) Reds batting - Pitching for Boise Hawks : LHP Matt Belair
|
|
Batting: RHB Freddie Brown
|
0-0: Foul Ball, location: 2F 0-1: Ball 1-1: Foul Ball, location: 2F 1-2: Ball 2-2: Foul Ball, location: 2F 2-2: Strikes out swinging
|
|
Batting: RHB Chris Zamora
|
0-0: Ball 1-0: Ball 2-0: Called Strike 2-1: Fly out, F4 (Popup, 34D, EV 65.6 MPH)
|
|
Batting: RHB Yutaka Sato
|
0-0: Ball 1-0: Ball 2-0: Fly out, F9 (Flyball, 9LM, EV 80.0 MPH)
|
| Bottom of the 2nd over - 0 runs, 0 hits, 0 errors, 0 left on base; Boise 0 - Cincinnati (NYP) 0 |
| TOP OF THE 3RD |
|
Boise Hawks batting - Pitching for Cincinnati (NYP) Reds : RHP Jesus Moreno
|
|
Batting: SHB Justin Jackson
|
0-0: Called Strike 0-1: Ball 1-1: Ball 2-1: Swinging Strike 2-2: Foul Ball, location: 2F 2-2: Strikes out swinging
|
|
Batting: RHB Kevin McKasson
|
0-0: Foul Ball, location: 2F 0-1: Ball 1-1: Ball 2-1: Ball 3-1: Base on Balls
|
|
Batting: RHB Yamashita Yagi
|
0-0: Foul Ball, location: 2F 0-1: Foul Ball, location: 2F 0-2: DOUBLE (Line Drive, 89M, EV 100.0 MPH) Kevin McKasson to third
|
|
Batting: SHB Clayton Saunders
|
0-0: Ball 1-0: Called Strike 1-1: Ball 2-1: Foul Ball, location: 2F 2-2: Ball 3-2: Foul Ball, location: 2F 3-2: Foul Ball, location: 2F 3-2: Foul Ball, location: 2F 3-2: Fly out, F9 (Flyball, 89D, EV 98.1 MPH)
|
|
Batting: RHB Ryan Ward
|
0-0: Ground out 5-3 (Groundball, 5, EV 88.8 MPH)
|
| Top of the 3rd over - 0 runs, 1 hit, 0 errors, 2 left on base; Boise 0 - Cincinnati (NYP) 0 |
| BOTTOM OF THE 3RD |
|
Cincinnati (NYP) Reds batting - Pitching for Boise Hawks : LHP Matt Belair
|
|
Batting: RHB Ch'ang-chieh Hsia
|
0-0: Swinging Strike 0-1: Foul Ball, location: 2F 0-2: Fly out, F8 (Flyball, 8RD, EV 85.6 MPH)
|
|
Batting: LHB Josh Slusarczyk
|
0-0: Ball 1-0: Ball 2-0: Fly out, F8 (Flyball, 8RD, EV 88.1 MPH)
|
|
Batting: RHB Adrian Billups
|
0-0: Called Strike 0-1: Ball 1-1: SINGLE (Groundball, 5D, EV 104.4 MPH)
|
|
Batting: RHB Toki Takeuchi
|
0-0: Ball Adrian Billups is caught stealing 2nd base 2-4
|
| Bottom of the 3rd over - 0 runs, 1 hit, 0 errors, 0 left on base; Boise 0 - Cincinnati (NYP) 0 |
| TOP OF THE 4TH |
|
Boise Hawks batting - Pitching for Cincinnati (NYP) Reds : RHP Jesus Moreno
|
|
Batting: LHB Jerry Santana
|
0-0: Ball 1-0: Ground out 4-3 (Groundball, 4S, EV 93.1 MPH)
|
|
Batting: RHB Seisaburo Edagawa
|
0-0: Ball 1-0: Ball 2-0: Swinging Strike 2-1: Swinging Strike 2-2: Fly out, F9 (Flyball, 9, EV 79.4 MPH)
|
|
Batting: RHB Keith Giarratano
|
0-0: Ball 1-0: Fly out, F7 (Flyball, 7D, EV 83.1 MPH)
|
| Top of the 4th over - 0 runs, 0 hits, 0 errors, 0 left on base; Boise 0 - Cincinnati (NYP) 0 |
| BOTTOM OF THE 4TH |
|
Cincinnati (NYP) Reds batting - Pitching for Boise Hawks : LHP Matt Belair
|
|
Batting: RHB Toki Takeuchi
|
0-0: DOUBLE (Line Drive, 7LS, EV 95.6 MPH)
|
|
Batting: LHB Kelvin Jones
|
0-0: Ball 1-0: Ball 2-0: Ball 3-0: Base on Balls
|
|
Batting: RHB Nick Moreno
|
0-0: Foul Ball, location: 2F 0-1: Ball 1-1: Called Strike 1-2: Fielders Choice at 2nd, 4-6 (Groundball, 4, EV 81.9 MPH) Toki Takeuchi to third
|
|
Batting: RHB Freddie Brown
|
0-0: Ball 1-0: Ball 2-0: Ball 3-0: Swinging Strike 3-1: Called Strike 3-2: Base on Balls Nick Moreno to second
|
|
Batting: RHB Chris Zamora
|
0-0: Swinging Strike 0-1: DOUBLE (Line Drive, 3D, EV 100.0 MPH) Toki Takeuchi scores Nick Moreno scores Freddie Brown to third Runner from 3rd tries for Home, SAFE, no throw by RF
|
|
Batting: RHB Yutaka Sato
|
0-0: Called Strike 0-1: Ball 1-1: Ground out 6-3 (Groundball, 6, EV 81.9 MPH)
|
|
Batting: RHB Ch'ang-chieh Hsia
|
0-0: Ball 1-0: Called Strike 1-1: Foul Ball, location: 2F 1-2: Strikes out swinging
|
| Bottom of the 4th over - 3 runs, 2 hits, 0 errors, 1 left on base; Boise 0 - Cincinnati (NYP) 3 |
| TOP OF THE 5TH |
|
Boise Hawks batting - Pitching for Cincinnati (NYP) Reds : RHP Jesus Moreno
|
|
Batting: RHB Justin Garrett
|
0-0: Foul Ball, location: 2F 0-1: DOUBLE (Flyball, 8LXD, EV 103.1 MPH)
|
|
Batting: SHB Justin Jackson
|
0-0: Ball 1-0: Swinging Strike 1-1: Swinging Strike 1-2: Ball 2-2: Ball 3-2: Strikes out swinging
|
|
Batting: RHB Kevin McKasson
|
0-0: Fly out, F8 (Flyball, 78D, EV 83.8 MPH)
|
|
Batting: RHB Yamashita Yagi
|
0-0: SINGLE (Groundball, 6MD, EV 94.4 MPH) Justin Garrett to third Runner from 3rd tries for Home, throw by CF and OUT! 8-2
|
| Top of the 5th over - 0 runs, 2 hits, 0 errors, 1 left on base; Boise 0 - Cincinnati (NYP) 3 |
| BOTTOM OF THE 5TH |
|
Cincinnati (NYP) Reds batting - Pitching for Boise Hawks : LHP Matt Belair
|
|
Batting: LHB Josh Slusarczyk
|
0-0: Ground out 4-3 (Groundball, 4, EV 82.5 MPH)
|
|
Batting: RHB Adrian Billups
|
0-0: Ball 1-0: Ball 2-0: Ball 3-0: Called Strike 3-1: Swinging Strike 3-2: Foul Ball, location: 2F 3-2: Foul Ball, location: 2F 3-2: Base on Balls
|
|
Batting: RHB Toki Takeuchi
|
0-0: Swinging Strike 0-1: Fielders Choice at 2nd, 5-4 (Groundball, 56, EV 90.6 MPH)
|
|
Batting: LHB Kelvin Jones
|
0-0: Ball Toki Takeuchi steals 2nd base (no throw) 1-0: Foul Ball, location: 2F 1-1: Foul Ball, location: 2F 1-2: Ball 2-2: Foul Ball, location: 2F 2-2: Ball 3-2: Foul Ball, location: 2F 3-2: Reached on error, E3 (Groundball, 34, EV 88.8 MPH) Toki Takeuchi to third
|
|
Pitching: LHP Ernesto Galindo
|
|
|
Batting: RHB Nick Moreno
|
0-0: Foul Ball, location: 2F 0-1: Foul Ball, location: 2F 0-2: Foul Ball, location: 2F 0-2: Strikes out swinging
|
| Bottom of the 5th over - 0 runs, 0 hits, 1 error, 2 left on base; Boise 0 - Cincinnati (NYP) 3 |
| TOP OF THE 6TH |
|
Boise Hawks batting - Pitching for Cincinnati (NYP) Reds : RHP Jesus Moreno
|
|
Batting: SHB Clayton Saunders
|
0-0: Called Strike 0-1: Ball 1-1: Ball 2-1: Fly out, F4 (Line Drive, 34, EV 65.0 MPH)
|
|
Batting: RHB Ryan Ward
|
0-0: Called Strike 0-1: Ground out U3 (Groundball, 34, EV 85.6 MPH)
|
|
Batting: LHB Jerry Santana
|
0-0: Called Strike 0-1: Ball 1-1: Ball 2-1: Called Strike 2-2: Foul Ball, location: 2F 2-2: Ball 3-2: Strikes out swinging
|
| Top of the 6th over - 0 runs, 0 hits, 0 errors, 0 left on base; Boise 0 - Cincinnati (NYP) 3 |
| BOTTOM OF THE 6TH |
|
Cincinnati (NYP) Reds batting - Pitching for Boise Hawks : LHP Ernesto Galindo
|
|
Batting: RHB Freddie Brown
|
0-0: Ball 1-0: Swinging Strike 1-1: Ball 2-1: Ball 3-1: Called Strike 3-2: SINGLE (Groundball, 6MS, EV 89.4 MPH) (infield hit)
|
|
Batting: RHB Chris Zamora
|
0-0: Ball 1-0: Ball 2-0: Ball 3-0: Called Strike 3-1: Foul Ball, location: 2F 3-2: Strikes out swinging
|
|
Batting: RHB Yutaka Sato
|
0-0: Ball Freddie Brown steals 2nd base 1-0: Fly out, F7 (Flyball, 7D, EV 101.2 MPH)
|
|
Batting: RHB Ch'ang-chieh Hsia
|
0-0: Swinging Strike 0-1: Ball 1-1: Ball 2-1: Swinging Strike 2-2: Strikes out swinging
|
| Bottom of the 6th over - 0 runs, 1 hit, 0 errors, 1 left on base; Boise 0 - Cincinnati (NYP) 3 |
| TOP OF THE 7TH |
|
Boise Hawks batting - Pitching for Cincinnati (NYP) Reds : RHP Jesus Moreno
|
|
Batting: RHB Seisaburo Edagawa
|
0-0: Ball 1-0: Fly out, F8 (Flyball, 8RD, EV 93.8 MPH)
|
|
Batting: RHB Keith Giarratano
|
0-0: Called Strike 0-1: Ball 1-1: Swinging Strike 1-2: Strikes out swinging
|
|
Batting: RHB Justin Garrett
|
0-0: Swinging Strike 0-1: Ball 1-1: Ball 2-1: Ball 3-1: Foul Ball, location: 2F 3-2: Foul Ball, location: 2F 3-2: Fly out, F8 (Flyball, 8LM, EV 86.2 MPH)
|
| Top of the 7th over - 0 runs, 0 hits, 0 errors, 0 left on base; Boise 0 - Cincinnati (NYP) 3 |
| BOTTOM OF THE 7TH |
|
Cincinnati (NYP) Reds batting - Pitching for Boise Hawks : LHP Ernesto Galindo
|
|
Batting: LHB Josh Slusarczyk
|
0-0: Foul Ball, location: 2F 0-1: Foul Ball, location: 2F 0-2: Strikes out swinging
|
|
Batting: RHB Adrian Billups
|
0-0: Called Strike 0-1: SINGLE (Groundball, 5D, EV 105.0 MPH)
|
|
Batting: RHB Toki Takeuchi
|
0-0: Ball Adrian Billups steals 2nd base 1-0: Ground out 1-3 (Groundball, 13, EV 73.1 MPH) Adrian Billups to third
|
|
Batting: LHB Kelvin Jones
|
0-0: Ball 1-0: Ball 2-0: Ball 3-0: Base on Balls
|
|
Batting: RHB Nick Moreno
|
0-0: Ball 1-0: Ball 2-0: Called Strike 2-1: Ball 3-1: Base on Balls Kelvin Jones to second
|
|
Batting: RHB Freddie Brown
|
0-0: Ball 1-0: Ball 2-0: Ball 3-0: Called Strike 3-1: Base on Balls Adrian Billups scores Kelvin Jones to third Nick Moreno to second
|
|
Pitching: RHP Befikadu Mthuthuzeli
|
|
|
Batting: RHB Chris Zamora
|
0-0: Ball 1-0: Foul Ball, location: 2F 1-1: Ball 2-1: Ball 3-1: Base on Balls Kelvin Jones scores Nick Moreno to third Freddie Brown to second
|
|
Batting: RHB Yutaka Sato
|
0-0: Foul Ball, location: 2F 0-1: Ball 1-1: Called Strike 1-2: Foul Ball, location: 2F 1-2: Fly out, F9 (Flyball, 89M, EV 93.8 MPH)
|
| Bottom of the 7th over - 2 runs, 1 hit, 0 errors, 3 left on base; Boise 0 - Cincinnati (NYP) 5 |
| TOP OF THE 8TH |
|
Boise Hawks batting - Pitching for Cincinnati (NYP) Reds : RHP Jesus Moreno
|
|
Pitching: RHP Jeff Buchanan
|
|
|
Batting: SHB Justin Jackson
|
0-0: Ball 1-0: Ball 2-0: Called Strike 2-1: Ball 3-1: Swinging Strike 3-2: Fly out, F8 (Line Drive, 8RS, EV 88.8 MPH)
|
|
Batting: RHB Kevin McKasson
|
0-0: Ball 1-0: Ball 2-0: Called Strike 2-1: Ball 3-1: Foul Ball, location: 2F 3-2: Strikes out swinging
|
|
Batting: RHB Yamashita Yagi
|
0-0: Swinging Strike 0-1: Foul Ball, location: 2F 0-2: Ball 1-2: Strikes out swinging
|
| Top of the 8th over - 0 runs, 0 hits, 0 errors, 0 left on base; Boise 0 - Cincinnati (NYP) 5 |
| BOTTOM OF THE 8TH |
|
Cincinnati (NYP) Reds batting - Pitching for Boise Hawks : RHP Befikadu Mthuthuzeli
|
|
Batting: RHB Ch'ang-chieh Hsia
|
0-0: SINGLE (Groundball, 6D, EV 101.9 MPH)
|
|
Batting: LHB Josh Slusarczyk
|
0-0: Called Strike 0-1: Swinging Strike 0-2: Ball 1-2: Strikes out looking
|
|
Batting: RHB Adrian Billups
|
0-0: Ball 1-0: Called Strike 1-1: Ball 2-1: Fly out, F8 (Flyball, 8LD, EV 93.8 MPH)
|
|
Batting: RHB Toki Takeuchi
|
0-0: Ball 1-0: Ball 2-0: Called Strike 2-1: Ball 3-1: Swinging Strike 3-2: Base on Balls Ch'ang-chieh Hsia to second
|
|
Batting: LHB Kelvin Jones
|
0-0: Called Strike 0-1: Swinging Strike 0-2: Foul Ball, location: 2F 0-2: Fielders Choice at 2nd, U4 (Groundball, 4M, EV 87.5 MPH)
|
| Bottom of the 8th over - 0 runs, 1 hit, 0 errors, 2 left on base; Boise 0 - Cincinnati (NYP) 5 |
| TOP OF THE 9TH |
|
Boise Hawks batting - Pitching for Cincinnati (NYP) Reds : RHP Jeff Buchanan
|
|
Batting: SHB Clayton Saunders
|
0-0: Ball 1-0: Ball 2-0: Foul Ball, location: 2F 2-1: Called Strike 2-2: Ball 3-2: Foul Ball, location: 2F 3-2: Base on Balls
|
|
Batting: RHB Ryan Ward
|
0-0: Called Strike 0-1: Ball 1-1: SINGLE (Groundball, 56, EV 103.1 MPH) Clayton Saunders to second
|
|
Batting: LHB Jerry Santana
|
0-0: Fielders Choice at 2nd, 6-4 (Groundball, 6, EV 104.4 MPH) Clayton Saunders to third
|
|
Batting: RHB Seisaburo Edagawa
|
0-0: Ball 1-0: Swinging Strike 1-1: Foul Ball, location: 2F 1-2: Strikes out swinging
|
|
Batting: RHB Keith Giarratano
|
0-0: Foul Ball, location: 2F 0-1: Ball Wild Pitch! Clayton Saunders scores Jerry Santana to second 1-1: DOUBLE (Line Drive, 89XD, EV 100.0 MPH) Jerry Santana scores
|
|
Pitching: RHP Damian Molina
|
|
|
Batting: RHB Justin Garrett
|
0-0: Swinging Strike 0-1: Ball 1-1: Ball 2-1: Swinging Strike 2-2: Strikes out swinging
|
| Top of the 9th over - 2 runs, 2 hits, 0 errors, 1 left on base; Boise 2 - Cincinnati (NYP) 5 |
|